 Dungeon Crawl Stone Soup version 0.20.1-1-g8b1a95d66d (webtiles) character file.

45 Jynx the Chiller (level 3, 0/26 HPs)
             Began as a Draconian Ice Elementalist on Dec 19, 2017.
             Succumbed to Crazy Yiuf's poison
             ... on level 2 of the Dungeon.
             The game lasted 00:03:31 (2139 turns).

Jynx the Chiller (Draconian Ice Elementalist)       Turns: 2139, Time: 00:03:31

Health: 0/26       AC: 10    Str: 10    XL:     3   Next: 42%
Magic:  1/6        EV: 12    Int: 16    God:
Gold:   111        SH:  0    Dex: 11    Spells: 2/6 levels left

rFire    . . .     SeeInvis .   e - +0 short sword
rCold    . . .     Gourm    .   (no shield)
rNeg     . . .     Faith    .   (armour unavailable)
rPois    .         Spirit   .   (helmet restricted)
rElec    .         Reflect  .   (no cloak)
rCorr    .         Harm     .   (no gloves)
MR       .....                  (no boots)
Stlth    ++........             (no amulet)
Regen    0.1/turn               (no ring)
MPRegen  0.1/turn               (no ring)

@: lethally poisoned (0 -> -9), icy armour, drained, slow
A: unfitting armour, cold-blooded, AC +5
a: no special abilities


You were on level 2 of the Dungeon.
You were near starving.

You visited 1 branch of the dungeon, and saw 2 of its levels.

You collected 111 gold pieces.

Inventory:

Hand Weapons
 e - a +0 short sword (weapon)
Scrolls
 c - 3 scrolls of remove curse {unknown}
 h - a scroll of identify {unknown}
 k - a scroll of fear
Potions
 d - 2 potions of agility {unknown}
 i - 2 potions of curing {unknown}
 j - a potion of berserk rage {unknown}
Books
 a - a book of Frost

   Spells                             Type                      Level
   a - Freeze                         Ice                          1
   b - Throw Frost                    Conjuration/Ice              2
   c - Ozocubu's Armour               Charms/Ice                   3
   d - Throw Icicle                   Conjuration/Ice              4
   e - Summon Ice Beast               Ice/Summoning                4
Comestibles
 b - 2 bread rations
 f - 2 meat rations
 g - 9 fruits


   Skills:
 * Level 1.4(1.1) Short Blades
 - Level 1.7(1.5) Dodging
 + Level 1.9(1.7) Stealth
 - Level 2.0(1.7) Spellcasting
   Level 1.0(0.7) Conjurations
 * Level 4.0(3.8) Ice Magic


You had 2 spell levels left.
You knew the following spells:

 Your Spells              Type           Power        Failure   Level  Hunger
a - Freeze                Ice            ##..         4%          1    ##.....
b - Ozocubu's Armour      Chrm/Ice       #.......     28%         3    ####...


Dungeon Overview and Level Annotations

Branches:
Dungeon (2/15)

Altars:
Ashenzari
Zin

Annotations:
D:2 Crazy Yiuf


Innate Abilities, Weirdness & Mutations

Your plain brown scales are hard. (AC +5)
You cannot fit into any form of body armour.
You are cold-blooded and may be slowed by cold attacks.


Message History

Confirm with . or Enter, or press ? or * to list all spells.
You don't have enough magic to cast that spell.
Casting: Ozocubu's Armour
Confirm with . or Enter, or press ? or * to list all spells.
You don't have enough magic to cast that spell.
You hit Crazy Yiuf but do no damage.
You feel sick.
Crazy Yiuf hits you with a quarterstaff of chaos.
You feel drained.
You barely miss Crazy Yiuf.
* * * LOW HITPOINT WARNING * * *
You feel sick.
Crazy Yiuf cries, "Mama!"
Crazy Yiuf hits you with a quarterstaff of chaos.
* * * LOW HITPOINT WARNING * * *
You feel yourself slow down. Crazy Yiuf freezes you.
* * * LOW HITPOINT WARNING * * *
* * * LOW HITPOINT WARNING * * *
You feel sick.
You feel yourself speed up.
You die...

..#....##.........#....##
..+...........#####....####
..#...........# #.....#.#####
....###.......#####....)#.....#
....###.........(.)...#...#<#.#
##.[#.+...............#.#[..###
##..#.#...................#.#
##..#.##+####...........#.#.#
##
##..#.##.#......@.g.....+.#.#
#.
##..#.##.##.....#####...#...#
#.
...>...#.##.....###........## .
....##.#.............g.....# #
...........................# ♣♣
.....#######.........####### ♣.
##'#.#######.........# ♣♣.
#.#..........##.....# ♣.♣
#.#############.....########
♣♣.


You could see Crazy Yiuf.

Vanquished Creatures
  An adder (D:2)
  An ooze (D:2)
  A worm (D:1)
  A giant cockroach (D:1)
  6 hobgoblins
  6 jackals
  2 bats
  4 frilled lizards (D:2)
  3 kobolds
  3 rats
28 creatures vanquished.

Notes
Turn   | Place    | Note
-------+----------+-------------------------------------------
     0 | D:1      | Jynx the Draconian Ice Elementalist began the quest for the Orb.
     0 | D:1      | Reached XP level 1. HP: 14/14 MP: 3/3
   476 | D:1      | Reached XP level 2. HP: 18/20 MP: 3/5
  1066 | D:2      | Found a runed door.
  1609 | D:1      | Reached skill level 1 in Short Blades
  1673 | D:2      | Reached XP level 3. HP: 25/26 MP: 1/6
  1814 | D:2      | Reached skill level 4 in Ice Magic
  1964 | D:2      | Found a glowing silver altar of Zin.
  1964 | D:2      | Found a shattered altar of Ashenzari.
  2092 | D:2      | Noticed Crazy Yiuf
  2100 | D:2      | Learned a level 3 spell: Ozocubu's Armour
  2138 | D:2      | HP: 1/26 [poisoned by Crazy Yiuf]
  2139 | D:2      | Succumbed to Crazy Yiuf's poison

Skill      XL: |  1  2  3 |
---------------+----------+-----
Short Blades   | 1 |  1.4
Ice Magic      | 4 |  4.0
Dodging        | |  1.7
Stealth        | |  1.9
Spellcasting   | |  2.0
Conjurations   | |  1.0

Action                   || total
-------------------------++-------
Melee: Unarmed           ||    25
       Tailslap          ||     3
       Short sword       ||    29
 Cast: Freeze            ||    44
       Ozocubu's Armour  ||     1
  Use: Scroll            ||     2
 Stab: Sleeping          ||     2
  Eat: Chunk             ||     3
Armor: Skin              ||    25
Dodge: Dodged            ||    45
